Unix NetHack Version 5.0.0-0 post-release - last build May  4 2026 22:22:43 (774f63e81ad911689b3a0859ea89b322d5daca8d,branch:main).

Game began 2026-05-06 04:02:49, ended 2026-05-06 04:36:23.

2932467751, lawful female human Valkyrie

                                                              ------------
                                                              |..........|
                                                              |..........|
                                                              |..........|
                                                              |..........|
                                                             #...........|
                                                             #------------
                                                             #
                                                           ###
                                                           #
                                                           #
                                                        .  #
                                                           #
                                                          ###     ------------
                                                          ######@#...........|
                                                                  |.....<....|
                                                                  ------------

2932467751 the Skirmisher   St:17 Dx:13 Co:18 In:10 Wi:9 Ch:8  Lawful
Dlvl:5  $:15 HP:0(43) Pw:10(10) AC:6  Xp:4 T:727  FoodPois Hungry  

Latest messages:
 What do you want to drop? [$a-ceghjk or ?*] -
 You mime dropping something.
 The '-' prefix should be followed by a movement command.
 You don't find anything here to loot.
 You kill the gnome!
 What do you want to drop? [$a-ceghjk or ?*] *
 You drop a chest.
 Your movements are now unencumbered.
 You descend the stairs.
 You kill the gnome!
 The gnome wields a crossbow!
 The gnome zaps herself with a redwood wand!
 The gnome is suddenly moving faster.
 The gnome shoots 2 crossbow bolts!
 The 1st crossbow bolt misses you.
 You are hit by the 2nd crossbow bolt!
 You hit the gnome.
 You kill the gnome!
 You don't find anything here to loot.
 The gnome wields 3 daggers!
 You miss the gnome.
 You kill the gnome!
 You are carrying too much to get through.
 You are carrying too much to get through.
 You are carrying too much to get through.
 You see here a crossbow bolt.
 You descend the stairs.
 You hear a door open.
 You hear a door open.
 The gnome hits!
 You kill the gnome!
 You are beginning to feel hungry.
 What do you want to eat? [k or ?*] k
 Ulch - that meat was tainted!
 You feel deathly sick.
 (It must have died too long ago to be safe to eat.)
 You don't have anything to eat.
 You don't have anything to eat.
 You don't have anything to eat.
 You hear a door open.
 You hear a door open.
 Your sickness feels worse.
 Your sickness is severe.
 You are at Death's door.
 You die from your illness.
 Do you want your possessions identified? [ynq] (y) y
 Do you want to see your attributes? [ynq] (y) y
 Do you want an account of creatures vanquished? [ynaq] (y) y
 Do you want to see your conduct and achievements? [ynq] (y) y
 Do you want to see the dungeon overview? [ynq] (y) y

Inventory:
 Coins    ('$')
  $ - 15 gold pieces
 Weapons  (')')
  j - 9 cursed +0 shuriken
  b - a +0 dagger (alternate weapon; not wielded)
  a - a +1 spear (weapon in right hand)
 Armor    ('[')
  c - an uncursed +3 small shield (being worn)
 Potions  ('!')
  h - an uncursed potion of healing
  g - a cursed potion of healing

2932467751 the Valkyrie's attributes:

Background:
 You were a Skirmisher, a level 4 human Valkyrie.
 You were lawful, on a mission for Tyr
 who was opposed by Odin (neutral) and Loki (chaotic).
 You were right-handed.
 You were in the Gnomish Mines, on level 5.
 You entered the dungeon 727 turns ago.
 It was nighttime.
 You had 128 experience points, 32 more were needed to attain level 5.

Basics:
 You had 0 out of 43 hit points.
 You had all 10 energy points (spell power).
 Your armor class was 6.
 Your wallet contained 15 zorkmids.
 Autopickup was off.

Final Characteristics:
 Your strength was 17 (limit:18/100).
 Your dexterity was 13 (limit:18).
 Your constitution was 18 (limit:18).
 Your intelligence was 10 (limit:18).
 Your wisdom was 9 (limit:18).
 Your charisma was 8 (limit:18).

Final Status:
 You died from food poisoning.
 You were hungry.
 You were unencumbered.
 You were wielding a spear.
 You had basic skill with spear.

Final Attributes:
 You were fervently aligned.
 You were cold resistant.
 You were stealthy.
 You are dead.

Miscellaneous:
 You didn't encounter any bones levels.
 Total elapsed playing time was 33 minutes and 29 seconds.

Major events:
 Turn
    1: 2932467751 the lawful human Valkyrie entered the dungeon
  487: entered the Gnomish Mines
  501: attained the rank of Skirmisher (level 3)
  727: poisoned by a rotted gnome corpse

You didn't know any spells.

Skills:
 Fighting Skills
   bare handed combat [Unskilled]
   two weapon combat  [Unskilled]
   riding             [Unskilled]
 Weapon Skills
   dagger             [Basic]
   axe                [Unskilled]
   pick-axe           [Unskilled]
   short sword        [Unskilled]
   broadsword         [Unskilled]
   long sword         [Unskilled]
   two-handed sword   [Unskilled]
   saber              [Unskilled]
   hammer             [Unskilled]
   quarterstaff       [Unskilled]
   polearms           [Unskilled]
   spear              [Basic]
   trident            [Unskilled]
   lance              [Unskilled]
   sling              [Unskilled]
 Spellcasting Skills
   attack spells      [Unskilled]
   escape spells      [Unskilled]

Voluntary challenges:
 Character rerolling was not enabled.
 You were an atheist.
 You were illiterate.
 You never genocided any monsters.
 You never polymorphed an object.
 You never changed form.
 You used no wishes.
Achievements:
 You entered the Gnomish Mines.
 You attained the rank of Skirmisher.

 The Dungeons of Doom: levels 1 to 3
    Level 1:
       A fountain.
    Level 2:
       A fountain.
       Stairs down to The Gnomish Mines.
    Level 3:
 The Gnomish Mines: levels 3 to 5
    Level 3:
    Level 4:
    Level 5: <- You were here.
       Final resting place for
          you, poisoned by a rotted gnome corpse.


Vanquished creatures:
  a gnome leader
  a kitten
  a dwarf
 14 gnomes
  a jackal
  a kobold
  a goblin
  a sewer rat
  2 kobold zombies
  2 newts
25 creatures vanquished.

No species were genocided or became extinct.

Game over:
                       ----------
                      /          \
                     /    REST    \
                    /      IN      \
                   /     PEACE      \
                  /                  \
                  |    2932467751    |
                  |      15 Au       |
                  |  poisoned by a   |
                  |   rotted gnome   |
                  |      corpse      |
                  |                  |
                  |       2026       |
                 *|     *  *  *      | *
        _________)/\\_//(\/(/\)/\//\/|_)_______

Farvel 2932467751 the Valkyrie...

You were poisoned in The Gnomish Mines on dungeon level 5 with 726 points,
and 15 pieces of gold, after 727 moves.
You were level 4 with a maximum of 43 hit points when you were poisoned.

